Cogmind - Beta 11.1 @@@ ROGUE MODE // 2022.12.06 @ 19:29:21 Player: L1l7 Result: Destroyed by S-10 Pest with Light Assault Rifle Performance ------------- Evolutions (0) 0 Regions Visited (2) 400 Robots Destroyed (14) 70 Value Destroyed (286) 286 Prototype IDs (0) 0 Alien Tech Used (0) 0 Bonus (0) 0 TOTAL SCORE: 756 Bonus ------- None Cogmind --------- Core Integrity 0/250 Matter 290/300 Energy 117/125 System Corruption 6% Temperature Cool (2) Movement Hovering (56) Location -10/Mines Parts ------- > --- POWER (1) -------- Light Ion Engine > --- PROPULSION (2) --- Improved Hover Unit Improved Hover Unit > --- UTILITY (2) ------ Medium Storage Unit Sensor Array > --- WEAPON (2) ------- (None) > --- INVENTORY (10) --- Light Deuterium Engine Light Nuclear Core Improved Hover Unit Small Storage Unit Advanced Visual Processing Unit Seismic Detector Light Assault Rifle Assault Cannon Mining Laser Peak State ------------ > --- POWER ------------ Light Nuclear Core > --- PROPULSION ------- Light Treads Light Treads > --- UTILITY ---------- Medium Storage Unit Sensor Array > --- WEAPON ----------- Light Assault Rifle Light Assault Rifle > --- INVENTORY -------- Ion Engine Light Ion Engine Light Ion Engine Aluminum Leg Hover Unit Hover Unit Small Storage Unit Improved Terrain Scanner Seismic Detector Light Assault Rifle [Rating: 10] Favorites ----------- Power Ion Engine Engine Ion Engine Power Core Light Nuclear Core Propulsion Light Treads Treads Light Treads Leg Aluminum Leg Hover Unit Improved Hover Unit Utility Medium Storage Unit Device Sensor Array Storage Medium Storage Unit Weapon Light Assault Rifle Ballistic Gun Light Assault Rifle Special Weapon Mining Laser Build | -11 -10 -10 ------- Run | Scr Mat Min Slots Evolved . | . . . Power . | . . . Propulsion . | . . . Utility . | . . . Weapon . | . . . Parts Attached 20 | 8 7 5 Power 5 | 2 1 2 Engine 4 | 2 . 2 Core 1 | . 1 . Reactor . | . . . Propulsion 7 | 2 2 3 Treads 2 | 2 . . Leg 2 | . 2 . Wheel . | . . . Hover 3 | . . 3 Flight . | . . . Utility 4 | 2 2 . Device 2 | 1 1 . Storage 2 | 1 1 . Processor . | . . . Hackware . | . . . Protection . | . . . Artifact . | . . . Weapon 4 | 2 2 . Energy Gun . | . . . Energy Cannon . | . . . Ballistic Gun 3 | 2 1 . Ballistic Cannon . | . . . Launcher . | . . . Special Weapon 1 | . 1 . Impact Weapon . | . . . Slashing Weapon . | . . . Piercing Weapon . | . . . Special Melee Weapon . | . . . Unidentified Prototypes . | . . . Parts Lost 7 | . 2 5 Power 2 | . 1 1 Propulsion 3 | . . 3 Utility . | . . . Weapon 2 | . 1 1 Highest Loss Streak 5 | . 1 5 To Critical Strikes . | . . . Average Slot Usage (%) 94 | . 99 71 Engine 9 | . 8 12 Core 4 | . 5 . Treads 16 | . 21 . Leg 6 | . 6 5 Hover 3 | . . 17 Device 14 | . 14 14 Storage 14 | . 14 14 Ballistic Gun 18 | . 21 7 Special Weapon 4 | . 6 . Naked Turns . | . . . Heaviest Build 18 | 13 18 14 Greatest Support 40 | 40 40 14 Greatest Overweight (x) 3 | 2 . 3 Average Overweight (x) . | . . . Largest Inventory Capacity 10 | 8 10 10 Average Capacity 9 | 7 9 10 Most Carried 10 | 4 10 10 Average Carried 7 | 2 8 9 Final Capacity 10 | 8 10 10 Final Carried 10 | 3 10 9 Class Distribution -------------------- 100% | Mutant Dominant Class ---------------- Mutant | -10/Materials Mutant | -10/Mines Resources | -11 -10 -10 ----------- Run | Scr Mat Min Matter Collected 457 | 235 169 53 Remotely . | . . . Salvage Created 423 | 108 229 86 Parts 28 | 11 13 4 Haulers Intercepted . | . . . Recyclers Shooed 1 | 1 . . Parts Field Recycled . | . . . Retrieved Matter . | . . . Parts Self-Destructed . | . . . Prevented . | . . . Kills | -11 -10 -10 ------- Run | Scr Mat Min Combat Hostiles Destroyed 8 | . 6 2 Guns 7 | . 5 2 Cannons 1 | . 1 . Classes Destroyed 5 | 1 4 . Tunneler 4 | 4 . . Recycler 1 | . 1 . Operator 1 | . 1 . Swarmer 3 | . 3 . Grunt 5 | . 3 2 Best Kill Streak 4 | 2 4 1 Combat Bots Only 4 | . 4 1 Max Kills in Single Turn 1 | 1 1 1 Gunslinging . | . . . Exploded . | . . . Melee . | . . . Uniques/NPCs Destroyed . | . . . Combat | -11 -10 -10 -------- Run | Scr Mat Min Damage Taken 1026 | . 501 525 Core 256 | . 97 159 Absorbed by Shields . | . . . Core Remaining (%) 100 | 100 . . Volleys Fired 71 | 15 32 24 Largest 2 | 2 2 2 Hottest 120 | 40 120 40 Shots Fired 111 | 30 47 34 Gun 101 | 30 37 34 Cannon . | . . . Launcher . | . . . Special 10 | . 10 . Kinetic 101 | 30 37 34 Thermal 10 | . 10 . Explosive . | . . . Electromagnetic . | . . . Robot Hit Streak 21 | 10 15 21 Robot Miss Streak 5 | 1 5 1 Penetration Max . | . . . Secondary Targets . | . . . Shots Hit Robots 77 | 20 27 30 Core Hits 30 | 8 15 7 Critical Kills . | . . . Critical Parts Destroyed . | . . . Critical Strikes . | . . . Melee Attacks . | . . . Impact . | . . . Slashing . | . . . Piercing . | . . . Sneak Attacks . | . . . Combat Hostiles . | . . . Follow-up Attacks . | . . . Damage Inflicted 643 | 151 252 240 Guns 593 | 151 203 239 Cannons . | . . . Explosions . | . . . Melee . | . . . Ramming 26 | . 25 1 Kinetic 593 | 151 203 239 Thermal 24 | . 24 . Explosive . | . . . Electromagnetic . | . . . Impact . | . . . Slashing . | . . . Piercing . | . . . Highest Corruption 6 | . 6 6 Average Corruption 3 | . 2 6 Corruption Purged . | . . . Corruption Blocked . | . . . Effects 13 | . 7 6 Message Errors 2 | . 1 1 Matter Fused 1 | . . 1 Heat Flow Errors 4 | . 2 2 Energy Discharges 4 | . 2 2 Data Loss (minor) 2 | . 2 . Overload Shots . | . . . Overflow Damage . | . . . Projectiles . | . . . Explosions . | . . . Melee . | . . . Knockbacks . | . . . Impact . | . . . Kinetic . | . . . Secondary . | . . . Self-Inflicted Damage . | . . . Shots . | . . . Rammed 2 | . 2 . Targets Rammed 8 | . 6 2 Kicked 4 | . 2 2 Crushed 2 | . 2 . Highest Temperature 295 | . 295 241 Average Temperature 68 | . 61 80 Received Heat Transfer 474 | . 237 237 Siege Activations . | . . . Robots Corrupted . | . . . Combat Hostiles . | . . . Parts Fried . | . . . Impact Corruptions . | . . . Robots Melted . | . . . Combat Hostiles . | . . . Parts Melted . | . . . Heat Transferred 50 | . 50 . Parts Sabotaged . | . . . Parts Stolen . | . . . Parts Stripped . | . . . Power Chain Reactions . | . . . Missiles Intercepted . | . . . Alert | -11 -10 -10 ------- Run | Scr Mat Min Peak Influence 193 | 20 193 48 Initial 28 | . 13 28 Average 61 | 9 83 35 Maximum Alert Level . | . . . Low Security (%) 100 | 100 100 100 Level 1 . | . . . Level 2 . | . . . Level 3 . | . . . Level 4 . | . . . Level 5 . | . . . High Security . | . . . Max Security . | . . . Squads Dispatched 2 | . 1 1 Investigation 1 | . . 1 Extermination . | . . . Reinforcement 1 | . 1 . Assault . | . . . Garrison . | . . . Intercept . | . . . Searches Triggered . | . . . Construction Impeded . | . . . Haulers Reinforced . | . . . Active Scanning Responses . | . . . Cargo Convoy Interrupts . | . . . Stealth | -11 -10 -10 --------- Run | Scr Mat Min Distress Signals 1 | . 1 . Communications Jammed . | . . . Distress Signals . | . . . Times Spotted 21 | . 16 5 Peak Tracking Total 5 | . 5 3 Tactical Retreats 2 | . 2 . Traps | -11 -10 -10 ------- Run | Scr Mat Min Traps Triggered 3 | . 3 . Indirectly . | . . . Trap Hack Attempts . | . . . Triggered . | . . . Disarmed . | . . . Reprogrammed . | . . . Reused . | . . . Traps Extracted . | . . . Installed . | . . . Triggered . | . . . Machines | -11 -10 -10 ---------- Run | Scr Mat Min Machines Disabled 1 | . 1 . Max in Single Turn 1 | . 1 . Machines Sabotaged . | . . . Garrisons Compromised . | . . . Overloaded Fab Kills . | . . . Hacking | -11 -10 -10 --------- Run | Scr Mat Min Machines Accessed 4 | . 3 1 Terminals 3 | . 3 . Fabricators . | . . . Repair Stations . | . . . Recycling Units . | . . . Scanalyzers . | . . . Garrison Access . | . . . Total Hacks 12 | . 11 1 Successful 7 | . 6 1 Failed 5 | . 5 . Catastrophic 1 | . 1 . Database Lockouts . | . . . Manual . | . . . Terminals 11 | . 11 . Fabricators . | . . . Repair Stations . | . . . Recycling Units . | . . . Scanalyzers . | . . . Garrison Access . | . . . Terminal Hacks 7 | . 6 1 Open Door 1 | . . 1 Terminal Index 1 | . 1 . Recycling Unit Index 1 | . 1 . Unreport Threat 1 | . 1 . Locate Traps 1 | . 1 . Security Status 1 | . 1 . Zone Layout 1 | . 1 . Fabricator Hacks . | . . . Repair Station Hacks . | . . . Recycling Unit Hacks . | . . . Scanalyzer . | . . . Garrison Access Hacks . | . . . Unauthorized Hacks . | . . . Terminals . | . . . Fabricators . | . . . Repair Stations . | . . . Recycling Units . | . . . Scanalyzers . | . . . Garrison Access . | . . . Data Cores Recovered . | . . . Used . | . . . Hacking Detections 2 | . 2 . Full Trace Events 1 | . 1 . Feedback Events . | . . . Feedback Blocked . | . . . Robot Schematics Acquired . | . . . Robots Built . | . . . Authchips . | . . . Time . | . . . Total Robot Build Rating . | . . . Part Schematics Acquired . | . . . Parts Built . | . . . Authchips . | . . . Time . | . . . Total Part Build Rating . | . . . Parts Repaired . | . . . Time . | . . . Parts Recycled . | . . . Recycled Matter . | . . . Retrieved Matter . | . . . Retrieved Components . | . . . Parts Scanalyzed . | . . . Part Schematics Acquired . | . . . Parts Damaged . | . . . Bothacking | -11 -10 -10 ------------ Run | Scr Mat Min Used RIF Installer . | . . . Robots Hacked . | . . . Non-combat . | . . . Combat . | . . . Robot Hacks Applied . | . . . Relay Couplers Released . | . . . Fabnet Peak Effective % . | . . . Robots Rewired . | . . . Allies Hacked . | . . . Hacks Repelled . | . . . Allies | -11 -10 -10 -------- Run | Scr Mat Min Total Allies . | . . . Largest Group . | . . . Highest-Rated Group . | . . . Highest-Rated Ally . | . . . Total Orders . | . . . Ally Attacks . | . . . Total Damage . | . . . Kills . | . . . Allies Corrupted . | . . . Allies Melted . | . . . Intel | -11 -10 -10 ------- Run | Scr Mat Min Robot Analysis Total . | . . . Derelict Logs Recovered . | . . . Drone Launches . | . . . Drone Recoveries . | . . . Exploration | -11 -10 -10 ------------- Run | Scr Mat Min Turns Passed 1133 | 217 726 190 Spaces Moved 637 | 104 360 173 Core 23 | 18 . 5 Treads 306 | 86 220 . Legs 140 | . 140 . Wheels . | . . . Hover 168 | . . 168 Flight . | . . . Fastest Speed 50 | 50 120 56 Average Speed 122 | 150 144 60 Slowest Speed 200 | 160 160 200 Overloaded Moves . | . . . Propulsion Burnouts . | . . . Robots Hopped . | . . . Cave-ins Triggered . | . . . Exploration Rate (%) 31 | 6 56 33 Regions Visited 2 Branch Regions 1 Pre-discovered Areas . | . . . Known Exits Taken . | . . . Unknown Exits Taken 2 | 1 1 . Scrap Searched . | . . . Spaces Dug 7 | . 7 . Terrain Destroyed 7 | . 7 . Melee . | . . . Projectile 7 | . 7 . AOE . | . . . Terrain Rammed . | . . . Walls Destroyed . | . . . Machines Disabled . | . . . Actions | -11 -10 -10 --------- Run | Scr Mat Min Total 882 | 142 507 233 Wait 91 | . 77 14 Move 635 | 103 359 173 Hop . | . . . Pick Up 39 | 13 17 9 Fast Attach . | . . . Attach 16 | 7 4 5 Detach . | . . . Swap 4 | 1 3 . Drop 18 | 3 9 6 Fire 71 | 15 32 24 Melee . | . . . Ram . | . . . Kick 4 | . 2 2 Crush 4 | . 4 . Escape Stasis . | . . . Rewire . | . . . Trap . | . . . Miscellaneous . | . . . Route ------- -11/Scrapyard -10/Materials -10/Mines History --------- Turn | Location | Event 13 | -11/Scrapyard | Discovered new exit (range 16) 218 | -11/Scrapyard | Entered Materials 314 | -10/Materials | Build established: Mutant 929 | -10/Materials | Discovered new exit (range 12) 944 | -10/Materials | Entered Mines 951 | -10/Mines | Core integrity fell below 50% 983 | -10/Mines | Core integrity fell below 20% 1008 | -10/Mines | Met a Derelict bent on vengeance 1025 | -10/Mines | Lost 5 parts (2p2n1w) 1043 | -10/Mines | Met a Derelict shopkeep closing up shop 1070 | -10/Mines | Assembled infested the area 1075 | -10/Mines | Assisted by a Guerilla fighting off Assembled 1134 | -10/Mines | Destroyed by S-10 Pest with Light Assault Rifle Last Messages --------------- Dropped Lgt. Assault Rifle. Dropped Particle Gun. ALERT: Derelict activity detected in mines. Dispatching investigation squad. Dropped Imp. Heat Sink. RA-N7B(g): "You've got to be kidding me! I'm outta here..." Acquired Lgt. Nuclear Core. Acquired Reflective Plating. Acquired Lgt. Deuterium Engine. Dropped Reflective Plating. Acquired Adv. Visual Processing Unit. R4#EOLCI=CDBV1OD=SIK6 M&>UI9=SRVKJ Acquired Assault Cannon. ALERT: Infestation in the mines, dispatching Demolisher response squad. A derelict emerges from the shadows: "You need to get out of here! I've been tracking a group of Assembled to figure out where they're coming from, and they're closing on this area, come on!" System corrupted: Energy discharge (-46). System corrupted: Energy discharge (-25). Imp. Hover Unit destroyed. Map ----- +----------------------------------------------------+ | #### #??????????????????## ### #????????? | | #??????????????????## ##?????##????????? | | #### ##??????????????????# #????????????????? | | ???## #???????????????????# #????????????????? | | ????# #???????????????????## ##???????????????? | | ???? #????????????????????## ##??????????????? | | ????###?????????????????????## ##?????????????? | | ?????????????????????????????### ####??????????? | | ???????????????????????????????## ##### #????? | | ???????????????????????????????## #? | | ??????????????????????????????## ##### ## | | ?????????????????????????????## ###??????????? | | ????????????????????????????## s ##????????????? | | ?????????????????????????#### ##?????????????? | | ????????????????????????## s####??????????????? | | ????????????????????????# k ##?????????????????? | | ????????????????????????# s###########????????? | | ????????????????????????# ???????? | | ????????????????????????# ? ???????? | | ????????????????????????# ###########???????? | | ???????????????????????## ##?????????????????? | | ??????????????????????## ###??????????????????? | | ?????????????????????## ##????????????????????? | | ????????????????????## #?????????????????????? | | ????????????????????# #######???????????????? | | ????????????????????# @ #???????????? | | ????????????????????## t #???????????? | | ?????????????????????## ########## #???????????? | | ??????????????????????# ??????????????????????? | | ?????????????????????? ??????????????????????? | | ????????????????????? ??????????????????????? | | ????????????????????### #??????????????????????? | | ??????????????????????# ###??????????????????????? | | ?????????????????????? ?????????????????????????? | | ?????????????????????? ?????????????????????????? | | ?????????????????????###?????????????????????????? | | ?????????????????????????????????????????????????? | | ?????????????????????????????????????????????????? | | ?????????????????????????????????????????????????? | | ?????????????????????????????????????????????????? | | ?????????????????????????????????????????????????? | | ?????????????????????????????????????????????????? | | ?????????????????????????????????????????????????? | | ?????????????????????????????????????????????????? | | ?????????????????????????????????????????????????? | | ?????????????????????????????????????????????????? | | ?????????????????????????????????????????????????? | | ?????????????????????????????????????????????????? | | ?????????????????????????????????????????????????? | | ?????????????????????????????????????????????????? | +----------------------------------------------------+ Best States ------------- Heat Dissipation 25 Energy Generation 14 Energy Capacity 250 Matter Stores 300 Matter Capacity 300 Sight Range 16 Robot Scan Range 14 Terrain Scan Density 10 Evasion (%) 55 Recoil Reduction 2 Item Schematics ----------------- None Robot Schematics ------------------ None Fabricated ------------ Nothing Alien Tech Used ----------------- None Achievements -------------- None Challenges ------------ None Game ------ Seed EfficiencyArmorModule Manual? 0 Play Time 00:14:21 Cumulative 14.2 hours Start 2022.12.06 @ 18:56:55 End 2022.12.06 @ 19:29:21 Sessions 1 Manual Loads 0 Difficulty Rogue Special Mode None Game No. 25 Rogue 25 Adventurer 0 Explorer 0 Win Type - Total 0 Types 0/0/0/0/0/0/0/0/0 Lore% 15 Gallery% 18 Achievement% 16 Wizard Run 0 Options --------- ASCII 0 Keyboard 0 Movement Arrows Keybinds 0 Fullscreen 2 Font 16/SmallcapsGlow Map View 76x50 Tactical HUD 0 Map Filters NONE Filters NONE Steam 1 RUN: b7db9337-2afc-46cb-bf79-33cd0af8b7e9